 Dungeon Crawl Stone Soup version 0.18-a0-514-ga7d9996 (webtiles) character file.

180 MrRokkomies the Cudgeler (level 5, -7/54 HPs)
             Began as an Ogre Skald on Dec 3, 2015.
             Mangled by a centaur
             ... wielding a +0 short sword
              (8 damage)
             ... on level 4 of the Dungeon.
             The game lasted 00:08:34 (3225 turns).

MrRokkomies the Cudgeler (Ogre Skald)               Turns: 3225, Time: 00:08:34

Health: -7/54      AC:  3    Str: 17    XL:     5   Next: 60%
Magic:  4/8        EV:  9    Int: 12    God:
Gold:   123        SH:  0    Dex:  9    Spells: 2 memorised, 5 levels left

rFire  . . .     SeeInvis .     m - +1 flail
rCold  . . .     Clarity  +     b - +0 robe
rNeg   . . .     SustAt   +     (no shield)
rPois  .         Gourm    .     (helmet restricted)
rElec  .         Spirit   .     (no cloak)
rCorr  .         Dismiss  .     (gloves unavailable)
rMut   .         Stasis   .     (boots unavailable)
MR     .....                    e - amulet of clarity
Stlth  +.........               (no ring)
                                o - ring of sustain attributes

@: infused (expiring), not resistant to hostile enchantments, very unstealthy
A: unfitting armour, tough skin 1
a: no special abilities


You were on level 4 of the Dungeon.
You were near starving.

You visited 1 branch of the dungeon, and saw 4 of its levels.

You collected 123 gold pieces.

Inventory:

Hand Weapons
 m - a +1 flail (weapon)
Missiles
 k - 106 stones (quivered)
Armour
 b - a +0 robe (worn)
Jewellery
 e - an amulet of clarity (around neck)
 n - an uncursed amulet of guardian spirit
 o - a ring of sustain attributes (left hand)
Scrolls
 a - a scroll of remove curse
 f - a scroll of noise
 g - a scroll of amnesia
 l - a scroll of immolation
Books
 c - a book of Battle

   Spells                             Type                      Level
   a - Infusion                       Charms                       1
   b - Shroud of Golubria             Charms/Translocation         2
   c - Song of Slaying                Charms                       2
   d - Spectral Weapon                Hexes/Charms                 3
   e - Regeneration                   Charms/Necromancy            3
Comestibles
 d - 4 bread rations
 j - 2 meat rations


   Skills:
 * Level 4.2 Fighting
 * Level 5.4 Maces & Flails
 - Level 1.3 Dodging
 - Level 2.4 Spellcasting
 - Level 3.0 Charms


You had 5 spell levels left.
You knew the following spells:

 Your Spells              Type           Power        Failure   Level  Hunger
a - Infusion              Chrm           #.....       10%         1    ##.....
b - Shroud of Golubria    Chrm/Tloc      #.........   21%         2    ###....


Dungeon Overview and Level Annotations

Branches:
Dungeon (4/15)
 Temple: D:4-7

Altars:

Annotations:
D:2 Sigmund
D:3 Natasha


Innate Abilities, Weirdness & Mutations

You are too large for most types of armour.
You have tough skin (AC +1).


Message History

* * * LOW HITPOINT WARNING * * *
The centaur hits you with an uncursed short sword.
* * * LOW HITPOINT WARNING * * *
You hit the centaur!
The centaur is moderately wounded.
The centaur hits you with an uncursed short sword!
* * * LOW HITPOINT WARNING * * *
You hit the centaur.
The centaur is heavily wounded.
Your magical infusion is running out.
The centaur barely misses you. x2
Read which item? (? for menu, Esc to quit)
As you read the scroll labeled PIECOLEMINT, it crumbles to dust.
It is a scroll of enchant weapon.
Enchant which weapon? (? for menu, Esc to quit)
Choose a valid weapon, or Esc to abort.
Enchant which weapon? (? for menu, Esc to quit)
Your +0 flail glows red for a moment.
The centaur barely misses you.
The centaur hits you with an uncursed short sword!
You die...

#####.######...#########......
#.# ##.## ######. #.# #.# #.
#.# #.# ######### #. #.# #.#
........# #. #.# #.# #######.#
#> #.# #(# ##....# #. #.# #(#
##...#.####.
#@#.###W###....... #.c.$...#
#..W.... ###.###.###..####.
...........#.# #.
.(........##)# ##.
.##.####.###.# #..
#.####)###†# #.# #..........#
#.# ######.##### #W#


You could see a centaur.

Vanquished Creatures
  Natasha (twice) (D:3)
  Robin (D:3)
  3 adders
  An ooze (D:2)
  A worm (D:4)
  7 orcs
  2 ball pythons
  2 giant cockroaches
  13 hobgoblins
  10 jackals
  3 kobolds (D:1)
  13 bats
  5 giant geckos
  5 giant newts
  17 goblins
  A quokka skeleton (D:4)
  4 rats
90 creatures vanquished.

Vanquished Creatures (others)
  A bat (D:3)
1 creature vanquished.

Grand Total: 91 creatures vanquished

Notes
Turn   | Place    | Note
--------------------------------------------------------------
     0 | D:1      | MrRokkomies the Ogre Skald began the quest for the Orb.
     0 | D:1      | Reached XP level 1. HP: 22/22 MP: 3/3
    99 | D:1      | Reached skill level 3 in Maces & Flails
   110 | D:1      | Reached XP level 2. HP: 26/29 MP: 5/5
   302 | D:1      | Learned a level 2 spell: Shroud of Golubria
   593 | D:2      | Reached XP level 3. HP: 36/36 MP: 6/6
   678 | D:2      | Reached skill level 4 in Maces & Flails
  1072 | D:2      | Reached XP level 4. HP: 44/44 MP: 1/7
  1184 | D:2      | Noticed Sigmund
  1630 | D:3      | Noticed Robin
  1639 | D:3      | Killed Robin
  1639 | D:3      | Reached skill level 5 in Maces & Flails
  1657 | D:3      | Reached XP level 5. HP: 16/53 MP: 2/8
  2045 | D:3      | Noticed Natasha
  2058 | D:3      | Killed Natasha
  2500 | D:3      | Noticed Natasha
  2502 | D:3      | Killed Natasha
  2803 | D:4      | Noticed a phantom
  3021 | D:3      | Noticed Natasha
  3213 | D:4      | Noticed a centaur
  3223 | D:4      | HP: 1/54 [centaur/uncursed short sword (8)]
  3225 | D:4      | Mangled by a centaur

Vault maps used:
D:1:      ncdulo_halloftheorcs, feat_on_display
D:2:      uniq_crazy_yiuf_cottage, uniq_sigmund
D:3:      first_bread, lemuel_flame_loot_1, uniq_natasha, uniq_robin
D:4:      nicolae_ru_awakened_eye

Action                   |  1- 3 |  4- 6 || total
-------------------------+-------+-------++-------
Melee: Mace              |   102 |   155 ||   257
       Flail             |       |    52 ||    52
Throw: Stone             |       |     1 ||     1
 Cast: Shroud of Golubri |     2 |     5 ||     7
       Infusion          |     1 |     8 ||     9
  Use: Scroll            |     6 |     3 ||     9
       Potion            |       |     5 ||     5
 Stab: Sleeping          |     1 |       ||     1
  Eat: Chunk             |     1 |     6 ||     7
